 Dungeon Crawl Stone Soup version 0.31-a0-95-g6fa058ef04 (webtiles) character file.

Game seed: 7818601626426016709

213167 Pooter the Executioner (level 18, -30/255 HPs)
             Began as a Minotaur Berserker on May 24, 2023.
             Was a High Priest of Trog.
             Shot with a bolt by Vashnia (34 damage)
             ... on level 4 of the Snake Pit on May 25, 2023.
             The game lasted 03:11:00 (45426 turns).

Pooter the Executioner (Minotaur Berserker)        Turns: 45426, Time: 03:11:01

Health: -30/255    AC: 34    Str: 26    XL:     18   Next: 26%
Magic:  3/8        EV:  7    Int:  4    God:    Trog [*****.]
Gold:   1434       SH:  5    Dex: 17    Spells: 17/17 levels left

rFire   + + +        a - +8 frozen axe "Frostbite" {freeze, freezing cloud, *Noise Fly rC+}
rCold   + + .        (shield currently unavailable)
rNeg    . . .        E - +4 crystal plate armour
rPois   +            C - +0 hat "Kocasin" {rF++ MP-9 Dex+3}
rElec   .            d - scarf {rC+ rF+}
rCorr   .            g - +2 pair of gloves {Stlth+}
SInv    .            X - +0 pair of boots {rampage}
Will    +....        h - amulet of Orusaqul {Reflect -Cast Fly rF+ SH+5} Stlth
                     G - +4 ring of slaying
HPRegen 0.62/turn    P - ring of poison resistance
MPRegen 0.11/turn

%: no spellcasting, reflection, rampage
@: berserking, about to teleport, flying, very quick
A: horns 2, retaliatory headbutt
}: 1/15 runes: decaying
a: Renounce Religion, Berserk, Trog's Hand, Brothers in Arms


You were on level 4 of the Snake Pit.
You worshipped Trog.
Trog was extremely pleased with you.
You visited 5 branches of the dungeon, and saw 30 of its levels.
You also visited: Ossuary, Bailey and Ice Cave.

You collected 4591 gold pieces.
You spent 3157 gold pieces at shops.

Inventory:

Hand Weapons
 a - the +8 frozen axe "Frostbite" (weapon) {freeze, freezing cloud, *Noise Fly rC+}
   (You found it on level 9 of the Dungeon)

   rC:        It protects you from cold.
   Fly:       It grants you flight.
   *Noise:    It may make noises in combat.
 b - a +3 antimagic arbalest
   (You bought it in a shop on level 2 of the Orcish Mines)
 c - the +6 war axe of Truncation {antimagic, rPois Dex+9}
   (You found it on level 2 of the Swamp)

   Dex:       It affects your dexterity (+9).
   rPois:     It protects you from poison.
 x - a +4 eveningstar
   (You took it off Urug on level 2 of the Orcish Mines)
 N - the +6 broad axe "Newtbane" {heavy, Str+2}
   (Trog gifted it to you on level 1 of the Swamp)

   Str:       It affects your strength (+2).
 Q - a +3 heavy battleaxe
   (Trog gifted it to you on level 12 of the Dungeon)
Missiles
 s - 5 silver javelins
 B - 6 boomerangs of dispersal {!f}
 H - 5 curare-tipped darts
 K - 17 boomerangs (quivered)
Armour
 d - a scarf of resistance (worn)
   (You bought it in a shop on level 2 of the Orcish Mines)
 g - a +2 pair of gloves of stealth (worn)
   (You bought it in a shop on level 3 of the Snake Pit)
 m - a +1 pair of boots of flying
   (You found it on level 2 of the Dungeon)
 C - the +0 hat "Kocasin" (worn) {rF++ MP-9 Dex+3}
   (You bought it in a shop on level 2 of the Orcish Mines)

   Dex:       It affects your dexterity (+3).
   rF:        It greatly protects you from fire.
   MP:        It affects your magic capacity (-9).
 E - a +4 crystal plate armour (worn)
   (You found it on level 6 of the Dungeon)
 X - a +0 pair of boots of rampaging (worn)
   (You bought it in a shop on level 2 of the Orcish Mines)
Jewellery
 h - the amulet of Orusaqul (around neck) {Reflect -Cast Fly rF+ SH+5}
   (You acquired it on level 2 of the Orcish Mines)

   [amulet of reflection]

   It reflects blocked missile attacks.
   rF:        It protects you from fire.
   Fly:       It grants you flight.
   -Cast:     It prevents spellcasting.
   SH:        It affects your SH (+5).
 k - a +6 ring of strength
   (You found it in an ice cave)
 F - a ring of protection from fire
   (You found it on level 2 of the Lair of Beasts)
 G - a +4 ring of slaying (left hand)
   (You found it on level 12 of the Dungeon)
 I - a ring of protection from cold
   (You found it on level 11 of the Dungeon)
 J - a ring of flight
   (You found it in an ice cave)
 P - a ring of poison resistance (right hand)
   (You bought it in a shop on level 2 of the Orcish Mines)
 S - a ring of see invisible
   (You found it on level 1 of the Swamp)
 U - the ring "Oraipugy" {Int+2 SInv}
   (You acquired it on level 3 of the Lair of Beasts)

   [ring of see invisible]

   Int:       It affects your intelligence (+2).
   SInv:      It lets you see invisible.
Wands
 e - a wand of light (8)
   (You found it on level 2 of the Swamp)
 f - a wand of flame (52)
   (You took it off Sigmund on level 6 of the Dungeon)
 l - a wand of roots (49)
   (You found it on level 2 of the Dungeon)
 u - a wand of paralysis (5)
   (You found it on level 2 of the Snake Pit)
 D - a wand of digging (7)
   (You found it on level 10 of the Dungeon)
 Y - a wand of mindburst (14)
   (You found it on level 2 of the Lair of Beasts)
 Z - a wand of polymorph (7)
   (You found it on level 5 of the Lair of Beasts)
Scrolls
 i - 8 scrolls of identify {@r1}
 o - 5 scrolls of blinking
 p - 9 scrolls of fear
 q - 2 scrolls of immolation {!r}
 t - 6 scrolls of teleportation {@r4}
 v - 2 scrolls of poison {!r}
 y - 2 scrolls of summoning
 T - 3 scrolls of magic mapping
 V - a scroll of fog
Potions
 j - 8 potions of attraction {!q}
 n - 7 potions of haste {@q3}
 r - 7 potions of lignification {!q}
 w - 11 potions of curing {@q1}
 z - 5 potions of might
 A - 3 potions of mutation {!q}
 L - 7 potions of cancellation
 M - 4 potions of heal wounds {@q2}
 W - 3 potions of enlightenment
Miscellaneous
 O - a box of beasts
   (You found it on level 5 of the Lair of Beasts)
 R - a lightning rod (4/4) {!a}
   (You found it on level 6 of the Dungeon)


   Skills:
 + Level 17.2 Fighting
 * Level 23.6 Axes
 - Level 18.0 Ranged Weapons
 * Level 17.2 Armour
 - Level 2.1 Dodging
 + Level 8.0 Evocations


You had 17 spell levels left.
You didn't know any spells.
Your spell library was empty.

Dungeon Overview and Level Annotations

Branches:
Dungeon (15/15)            Temple (0/1) D:4            Lair (5/5) D:9
  Swamp (4/4) Lair:3        Snake (4/4) Lair:2        Slime (0/5) Lair:5
    Orc (2/2) D:10            Elf (0/3) Orc:2        Vaults (0/5) D:14
 Depths (0/4) D:15        Ossuary (visited)          Bailey (visited)
  IceCv (visited)

Altars:
Cheibriados
Elyvilon
Gozag
Makhleb
Ru
Sif Muna
Trog
Vehumet
Yredelemnul
Zin
The Shining One
Jiyva

Shops:
D:11 :   Orc:2 ([:*   Snake:3 [

Portals:
Abyss: Orc:2

Annotations:
D:2 1 runed translucent door, Crazy Yiuf
D:6 4 runed translucent doors
Snake:4 Vashnia


Innate Abilities, Weirdness & Mutations

You have a pair of horns on your head.
You reflexively headbutt those who attack you in melee.


Message History

The naga sharpshooter shoots an arrow.
You block the arrow with an invisible shield... and reflect it back!
The arrow hits the naga sharpshooter!
The naga sharpshooter gestures wildly while chanting.
The naga sharpshooter magically shoots a bolt.
The bolt hits you!
* * * LOW HITPOINT WARNING * * *
The naga sharpshooter unwields a +0 glaive.
The naga sharpshooter wields a +3 shortbow.
The naga sharpshooter casts a spell.
The naga sharpshooter magically shoots an arrow.
The arrow hits you.
* * * LOW HITPOINT WARNING * * *
Vashnia shoots a bolt.
The bolt hits you!
* * * LOW HITPOINT WARNING * * *
As you read the scroll of teleportation {@r4}, it crumbles to dust.
You feel strangely unstable.
You feel sick.
The naga sharpshooter shoots an arrow.
The arrow hits you!
* * * LOW HITPOINT WARNING * * *
The naga sharpshooter mumbles some strange words.
The naga sharpshooter magically shoots a bolt.
You block the bolt with an invisible shield... and reflect it back!
A red film seems to cover your vision as you go berserk!
You feel yourself moving faster!
You feel mighty!
You feel sick.
Vashnia shoots a bolt.
The bolt hits you!!
* * * LOW HITPOINT WARNING * * *
The naga sharpshooter shoots an arrow.
The arrow hits you.
* * * LOW HITPOINT WARNING * * *
The naga sharpshooter gestures wildly while chanting.
You slash Vashnia! You freeze Vashnia. Your headbutt misses Vashnia.
The naga sharpshooter shoots an arrow.
The arrow completely misses you.
The arrow misses Vashnia.
You hit Vashnia. You freeze Vashnia.
The naga sharpshooter shoots a bolt.
The bolt hits you!
* * * LOW HITPOINT WARNING * * *
Vashnia is engulfed in freezing vapours.
Vashnia shoots a bolt.
The bolt hits you!!
* * * LOW HITPOINT WARNING * * *
You barely miss Vashnia.
You feel sick.
The naga sharpshooter shoots an arrow.
The arrow barely misses you.
The arrow hits Vashnia!!
Unknown command.
You completely miss Vashnia.
The naga sharpshooter casts a spell.
The naga sharpshooter magically shoots a bolt.
You block the bolt with an invisible shield... and reflect it back!
Unknown command.
You slash Vashnia! You freeze Vashnia.
You feel sick.
You are no longer poisoned.
Vashnia shoots a bolt.
The bolt hits you!!
You die...

#.#####.8## ##
#.8##.....###..
#..........#...
##......⌠...'..8
.)....))....# ..N
).)8##..)..## #.8N
...#####.8## #####NS#
...# ##...######.....NN
##.# #.......##@.....#
##.# #........N..##'##
##.## ##...#..#..##[..##
##..## ##.#####..#.....#
))...# #..#####.'..⌠.8#
.....# #.....#..#.....#
.....#####....)).##.8.##
.........####)....#####
.........# ###.......


You could see Vashnia, 3 naga sharpshooters and a guardian serpent.

Vanquished Creatures
  Nikola (Swamp:1)
  A tentacled monstrosity (Swamp:4)
  2 quicksilver dragons (Snake:4)
  A thorn hunter (Swamp:3)
  Kirke (D:12)
  3 nagarajas
  Aizul (Swamp:2)
  An orc warlord (Orc:2)
  7 eleionomae
  Nessos (Lair:4)
  7 bunyips
  3 dire elephants
  An ettin (Orc:2)
  A fire dragon (Lair:5)
  2 shambling mangroves
  3 vault guards
  2 ice dragons
  A rakshasa (Orc:2)
  The ghost of Pimp the Skirmisher, a journeyman TeHu of Okawaru (Orc:2)
  A catoblepas (Lair:5)
  A ghost crab (Lair:3)
  10 hydras
  7 anacondas
  10 centaur warriors
  4 two-headed ogres
  9 alligators
  14 naga warriors
  2 boulder beetles (D:14)
  16 death yaks
  Urug (Orc:2)
  15 naga sharpshooters
  7 shock serpents
  A salamander mystic (Snake:4)
  4 goliath frogs
  7 spriggan druids
  A deep elf archer (Snake:2)
  A glowing orange brain (Orc:2)
  7 naga ritualists
  5 swamp dragons
  3 deep elf pyromancers
  2 lindwurms (Lair:5)
  An oklob plant (Lair:1)
  3 orc knights (Orc:2)
  26 ugly things
  5 manticores
  A wolf spider (D:15)
  7 mana vipers
  5 will-o-the-wisps
  A worldbinder (Orc:2)
  6 salamanders
  36 black mambas
  4 cyclopes
  13 elephants
  9 guardian serpents
  2 ice statues (IceCv)
  13 naga magi
  A gargoyle (D:13)
  An unseen horror (D:11)
  9 cane toads
  5 torpor snails (Lair:5)
  6 freezing wraiths
  7 rime drakes
  A kobold demonologist (D:12)
  8 komodo dragons
  An efreet (D:15)
  A rime drake (shapeshifter) (D:14)
  4 polar bears
  11 trolls
  6 meliai
  A spectral elephant (Lair:3)
  A raiju (Orc:2)
  Grinder (D:3)
  20 hornets
  8 tyrant leeches
  Prince Ribbit (Bailey)
  A bloated husk (Swamp:3)
  19 blink frogs
  18 spriggans
  Sigmund (D:6)
  8 slime creatures
  75 yaks
  A wraith (D:11)
  2 hogs (D:12)
  3 basilisks
  7 wyverns
  2 humans (Bailey)
  10 vampire mosquitoes
  A steam dragon (D:8)
  A spectral komodo dragon (Lair:3)
  4 swamp worm simulacra (Swamp:4)
  14 swamp worms
  34 nagas
  3 wargs
  Duvessa (D:7)
  15 hydra simulacra (Swamp:4)
  An acid dragon (D:8)
  10 water moccasins
  A hell hound (Snake:2)
  A sky beast (D:8)
  3 ice beasts
  4 black bears
  A swamp drake (Swamp:1)
  45 orc warriors
  29 centaurs
  A spectral rime drake (Lair:3)
  4 boggarts (D:14)
  10 wolves
  9 ogres
  A phantom (D:6)
  An elf zombie (Ossuary)
  A gnoll sergeant (D:9)
  23 bullfrogs
  3 scorpions
  A kobold brigand (D:8)
  3 wights (D:7)
  Dowan (D:7)
  6 killer bees (D:7)
  A lindwurm simulacrum (IceCv)
  An electric eel (D:10)
  8 howler monkeys
  7 komodo dragon simulacra (IceCv)
  5 hounds
  14 orc priests
  4 gnoll boudas
  9 jellies
  2 iguanas (D:6)
  Natasha (thrice) (D:3)
  15 orc wizards
  A hound zombie (Ossuary)
  4 mummies (Ossuary)
  Robin (D:3)
  8 acid dragon simulacra (IceCv)
  23 gnolls
  5 adders
  3 shadow imps
  2 white imps (D:5)
  5 steam dragon simulacra (IceCv)
  4 swamp drake simulacra (Swamp:4)
  An ufetubus (D:5)
  An adder zombie (Ossuary)
  3 worms
  2 dart slugs
  108 orcs
  8 ball pythons
  6 endoplasms
  3 giant cockroaches
  15 goblins
  5 hobgoblins
  3 jackals (D:3)
  5 quokkas
  2 bats (D:1)
  6 frilled lizards
  A goblin zombie (Ossuary)
  A hobgoblin zombie (Ossuary)
  2 jackal zombies (Ossuary)
  8 kobolds
  4 orc zombies (Ossuary)
  3 rats (D:2)
  A rat zombie (Ossuary)
1085 creatures vanquished.

Vanquished Creatures (collateral kills)
  2 ice dragons (Swamp:4)
2 creatures vanquished.

Vanquished Creatures (others)
  An azure jelly (Swamp:4)
  A deep elf knight (Snake:2)
  A goliath frog (Swamp:4)
  2 bloated husks
  A human (D:12)
  An orc wizard (Orc:2)
  17 foxfires
24 creatures vanquished.

Grand Total: 1111 creatures vanquished

Notes
Turn   | Place    | Note
-------+----------+-------------------------------------------
     0 | D:1      | Pooter the Minotaur Berserker began the quest for the Orb.
     0 | D:1      | Reached XP level 1. HP: 19/19 MP: 0/0
    23 | D:1      | Reached skill level 4 in Axes
   114 | D:1      | Reached XP level 2. HP: 27/27 MP: 1/1
   272 | D:1      | Found a faded altar of an unknown god.
   901 | D:2      | Reached ** piety under Trog
   902 | D:2      | Reached XP level 3. HP: 33/33 MP: 2/2
   970 | D:2      | Found a runed translucent door.
   971 | D:2      | Noticed Crazy Yiuf
  1518 | D:3      | Reached skill level 5 in Axes
  1538 | D:3      | Noticed Robin
  1546 | D:3      | Killed Robin
  1551 | D:3      | Reached XP level 4. HP: 41/41 MP: 3/3
  1806 | D:3      | Noticed Natasha
  1812 | D:3      | Killed Natasha
  1813 | D:3      | Reached skill level 1 in Ranged Weapons
  1831 | D:3      | Noticed Grinder
  1838 | D:3      | Paralysed by Grinder for 3 turns
  1852 | D:3      | Killed Grinder
  1853 | D:3      | Reached skill level 5 in Fighting
  1853 | D:3      | Reached skill level 6 in Axes
  1853 | D:3      | Reached XP level 5. HP: 21/48 MP: 4/4
  1853 | D:3      | Reached XP level 6. HP: 24/56 MP: 5/5
  1991 | D:3      | Noticed Natasha
  1994 | D:3      | Killed Natasha
  2021 | D:3      | Noticed Natasha
  2026 | D:3      | Killed Natasha
  2041 | D:3      | Found a radiant altar of Vehumet.
  2254 | D:4      | Found a staircase to the Ecumenical Temple.
  2268 | D:4      | Reached skill level 7 in Axes
  2487 | D:4      | You are sucked into a shaft and drop 2 floors!
  2494 | D:6      | Reached *** piety under Trog
  2495 | D:6      | Reached XP level 7. HP: 53/61 MP: 6/6
  2707 | D:6      | Found a basalt altar of Yredelemnul.
  2725 | D:6      | Found a sand-covered staircase.
  2729 | Ossuary  | Entered an ossuary
  2730 | Ossuary  | Upgraded the game from 0.31-a0-75-g6fe912e8c5 to
                  | 0.31-a0-83-gbff143cfd1
  3052 | D:6      | Reached skill level 5 in Ranged Weapons
  3107 | D:6      | Reached skill level 8 in Axes
  3191 | D:6      | Found a glowing golden altar of the Shining One.
  3236 | D:6      | Noticed Sigmund
  3241 | D:6      | Killed Sigmund
  3242 | D:6      | Reached XP level 8. HP: 71/71 MP: 7/7
  3419 | D:6      | Found a large runed translucent door.
  3421 | D:6      | Found a large runed translucent door.
  3433 | D:6      | Found a large runed translucent door.
  3433 | D:6      | Found a large runed translucent door.
  3595 | D:6      | Reached skill level 9 in Axes
  3737 | D:6      | Reached skill level 10 in Axes
  3737 | D:6      | Reached XP level 9. HP: 61/79 MP: 8/8
  3871 | D:5      | Entered Level 5 of the Dungeon
  3876 | D:5      | Reached **** piety under Trog
  5152 | D:4      | Reached skill level 11 in Axes
  6123 | D:6      | Found an opulent altar of Gozag.
  6232 | D:6      | Found a snail-covered altar of Cheibriados.
  6367 | D:7      | Found a shimmering blue altar of Sif Muna.
  6465 | D:7      | Found a flagged portal.
  6470 | D:7      | Noticed Duvessa
  6476 | D:7      | Killed Duvessa
  6485 | Bailey   | Entered a bailey
  6629 | Bailey   | Reached XP level 10. HP: 63/90 MP: 9/9
  6952 | Bailey   | Noticed Prince Ribbit
  6954 | Bailey   | Noticed a vault guard
  6967 | Bailey   | Killed Prince Ribbit
  6970 | Bailey   | Killed a vault guard
  6971 | Bailey   | Reached skill level 12 in Axes
  6971 | Bailey   | Reached skill level 10 in Ranged Weapons
  6971 | Bailey   | Reached skill level 5 in Armour
  7044 | Bailey   | Noticed a vault guard
  7055 | Bailey   | Killed a vault guard
  7156 | D:7      | Noticed Dowan
  7162 | D:7      | Killed Dowan
  8461 | D:8      | Paralysed by a hornet for 3 turns
  9131 | D:8      | Found a glowing silver altar of Zin.
  9636 | D:9      | Reached skill level 13 in Axes
  9675 | D:9      | Reached XP level 11. HP: 97/97 MP: 10/10
  9679 | D:9      | Found a staircase to the Lair.
 10044 | D:9      | Found a sacrificial altar of Ru.
 10099 | D:9      | Reached skill level 10 in Fighting
 10220 | D:9      | Found a burning altar of Makhleb.
 10331 | D:9      | Noticed a deep elf pyromancer
 10340 | D:9      | HP: 6/148 [fire elemental[a deep elf pyromancer] (10)]
 10344 | D:9      | Killed a deep elf pyromancer
 10772 | D:9      | Reached skill level 14 in Axes
 10824 | D:9      | Found the +8 frozen axe "Frostbite" {freeze, freezing
                  | cloud, *Noise Fly rC+}
 10955 | D:9      | Found a bloodstained altar of Trog.
 11046 | D:10     | Entered Level 10 of the Dungeon
 11289 | D:10     | Found the amulet of Elemental Vulnerability {rPois rF--
                  | rC-- AC+8}
 11437 | D:10     | Reached ***** piety under Trog
 11566 | D:10     | Found a staircase to the Orcish Mines.
 11624 | Orc:1    | Entered Level 1 of the Orcish Mines
 11625 | Orc:1    | Noticed a two-headed ogre
 11669 | D:10     | Killed a two-headed ogre
 11931 | Orc:2    | Entered Level 2 of the Orcish Mines
 11941 | Orc:1    | Reached XP level 12. HP: 108/108 MP: 11/11
 12026 | Orc:2    | Noticed an ettin
 12034 | Orc:2    | Killed an ettin
 12086 | Orc:1    | Reached skill level 15 in Axes
 12604 | Orc:2    | Found a staircase to the Elven Halls.
 13196 | Orc:2    | Noticed a centaur warrior
 13207 | Orc:2    | Killed a centaur warrior
 14091 | Orc:2    | Noticed Urug
 14097 | Orc:2    | Reached skill level 16 in Axes
 14099 | Orc:2    | Killed Urug
 14226 | Orc:2    | Found a transporter.
 14229 | Orc:2    | Noticed an orc warlord
 14236 | Orc:2    | Found a one-way gate to the infinite horrors of the Abyss.
 14240 | Orc:2    | Noticed Pimp's ghost (journeyman TeHu)
 14241 | Orc:2    | Noticed a rakshasa
 14455 | Orc:2    | Found Ankan's General Store.
 14456 | Orc:2    | Found Ziatyruh's Armour Shop.
 14456 | Orc:2    | Found Evir's Book Shoppe.
 14459 | Orc:2    | Found Qixt's Weapon Boutique.
 14476 | Orc:2    | Bought a scroll of acquirement for 728 gold pieces
 14476 | Orc:2    | Bought a scroll of acquirement for 728 gold pieces
 14476 | Orc:2    | Acquired the amulet of Orusaqul {Reflect -Cast Fly rF+
                  | SH+5}
 14488 | Orc:2    | Acquired 764 gold pieces
 14493 | Orc:2    | Bought a scarf of resistance for 448 gold pieces
 14493 | Orc:2    | Bought the +0 hat "Kocasin" {rF++ MP-9 Dex+3} for 222 gold
                  | pieces
 14577 | Orc:2    | Found a transporter.
 14739 | Orc:2    | Found a transporter.
 14755 | Orc:2    | Found a transporter.
 14764 | Orc:2    | Found a one-way gate to the infinite horrors of the Abyss.
 14786 | Orc:2    | Killed Pimp's ghost
 14788 | Orc:2    | Killed an orc warlord
 14789 | Orc:2    | Reached XP level 13. HP: 38/118 MP: 3/12
 15028 | Orc:2    | Found a staircase to the Elven Halls.
 15159 | Orc:2    | Found Evir's Book Shoppe.
 15159 | Orc:2    | Found Ziatyruh's Armour Shop.
 15159 | Orc:2    | Found Qixt's Weapon Boutique.
 15162 | Orc:2    | Found Ankan's General Store.
 15527 | Lair:1   | Entered Level 1 of the Lair of Beasts
 15849 | Lair:1   | Reached skill level 17 in Axes
 15971 | Lair:1   | Reached skill level 15 in Ranged Weapons
 16682 | Lair:2   | Found a staircase to the Snake Pit.
 17206 | Lair:3   | Acquired the ring "Oraipugy" {Int+2 SInv}
 17885 | Lair:3   | Found a staircase to the Swamp.
 18546 | Lair:3   | Reached skill level 18 in Axes
 18711 | Lair:4   | Reached XP level 14. HP: 129/129 MP: 4/13
 18771 | Lair:4   | Noticed Nessos
 18782 | Lair:4   | Killed Nessos
 19811 | Lair:5   | Entered Level 5 of the Lair of Beasts
 20286 | Lair:5   | Reached skill level 19 in Axes
 20378 | Lair:5   | Found a staircase to the Slime Pits.
 20379 | Lair:5   | Found a viscous altar of Jiyva.
 20468 | Lair:5   | Found a runed translucent door.
 20927 | Lair:5   | Reached skill level 10 in Armour
 21371 | Lair:5   | Identified the +2 chain mail of the Journeyman {Drain rElec
                  | Will++ Regen+}
 21712 | Orc:2    | Bought a +1 antimagic arbalest for 225 gold pieces
 21715 | Orc:2    | Bought a +0 pair of boots of rampaging for 161 gold pieces
 21728 | Orc:2    | Bought a ring of poison resistance for 280 gold pieces
 22027 | D:11     | Found a frozen archway.
 22043 | D:11     | Reached XP level 15. HP: 138/138 MP: 5/14
 22051 | IceCv    | Entered an ice cave
 22064 | IceCv    | Reached skill level 1 in Evocations
 22752 | D:11     | Found Kizxyzuq's Book Boutique.
 23131 | D:12     | Noticed Kirke
 23524 | D:12     | Noticed a sphinx
 23528 | D:12     | Killed Kirke
 23934 | D:12     | Received a gift from Trog
 24592 | D:13     | Reached skill level 20 in Axes
 25142 | D:14     | Found a gate to the Vaults.
 26072 | D:14     | Found a white marble altar of Elyvilon.
 26757 | D:15     | Entered Level 15 of the Dungeon
 27094 | D:15     | Reached skill level 15 in Fighting
 27129 | D:15     | Identified the +0 ring mail of Gozag's Righteous Fury {Harm
                  | rF+ Stlth+}
 27482 | D:15     | Found a staircase to the Depths.
 27523 | D:15     | Reached XP level 16. HP: 74/149 MP: 1/15
 27714 | D:15     | Upgraded the game from 0.31-a0-83-gbff143cfd1 to
                  | 0.31-a0-95-g6fa058ef04
 27906 | Swamp:1  | Entered Level 1 of the Swamp
 28739 | Swamp:1  | Noticed Nikola
 28754 | Swamp:1  | Killed Nikola
 29098 | Swamp:1  | Reached skill level 21 in Axes
 29675 | Swamp:1  | Identified the +6 broad axe "Newtbane" {heavy, Str+2} (Trog
                  | gifted it to you on level 1 of the Swamp)
 29675 | Swamp:1  | Received a gift from Trog
 30261 | Swamp:2  | Noticed Aizul
 30270 | Swamp:2  | Killed Aizul
 30361 | Swamp:2  | Reached skill level 5 in Evocations
 30749 | Swamp:2  | Identified the +6 war axe of Truncation {antimagic, rPois
                  | Dex+9}
 31690 | Swamp:3  | Identified the +2 executioner's axe "Yfadgh" {heavy, Drain
                  | rN++ rCorr SInv} (Trog gifted it to you on level 3 of the
                  | Swamp)
 31690 | Swamp:3  | Received a gift from Trog
 31772 | Swamp:3  | Noticed a thorn hunter
 31789 | Swamp:3  | Killed a thorn hunter
 31872 | Swamp:3  | HP: 5/151 [swamp worm/harpoon shot (9)]
 32263 | Swamp:3  | Identified the +7 spear of Somewhere Else {heavy, rElec}
 32500 | Swamp:4  | Entered Level 4 of the Swamp
 32710 | Swamp:4  | Reached skill level 22 in Axes
 33011 | Swamp:4  | Noticed a tentacled monstrosity
 33020 | Swamp:4  | Reached XP level 17. HP: 95/158 MP: 7/16
 33020 | Swamp:4  | Killed a tentacled monstrosity
 33669 | Swamp:4  | Reached skill level 15 in Armour
 34329 | Swamp:4  | Got a decaying rune of Zot
 34533 | Snake:1  | Entered Level 1 of the Snake Pit
 34625 | Snake:1  | Identified the +11 spear of Valiance {freeze, *Rage Will++
                  | Str-5 SInv}
 35057 | Snake:1  | Found a basalt altar of Yredelemnul.
 37689 | Snake:2  | Found a transporter.
 37711 | Snake:2  | Found a transporter.
 40225 | Snake:3  | Reached skill level 23 in Axes
 40784 | Snake:3  | Identified the +0 leather armour of Ennui {rElec Dex+5}
 41116 | Snake:3  | Found Buiran's Armour Shop.
 41130 | Snake:3  | Bought a +2 pair of gloves of stealth for 365 gold pieces
 41882 | Snake:4  | Entered Level 4 of the Snake Pit
 43999 | Snake:4  | Received a gift from Trog
 44000 | Snake:4  | Reached XP level 18. HP: 158/168 MP: 2/17
 45024 | Snake:4  | Noticed Vashnia
 45423 | Snake:4  | HP: 5/255 [Vashnia/bolt (32)]
 45426 | Snake:4  | Shot with a bolt by Vashnia

Illustrated notes

Levels and vault maps discovered:
D:1:      amcnicky_arrival_single_pillar, layout_basic,
          dreamdust_ecumenical_altar_statues, minmay_misc_feat_rugged,
          hangedman_decor_diamond_cutter, minmay_misc_feat_pillars,
          amcnicky_mini_pool_small
D:2:      layout_basic, minmay_fountain_box, grunt_ministairs_5,
          uniq_crazy_yiuf_cottage
D:3:      layout_rooms, mainiacjoe_overflow_chevrons, uniq_grinder, uniq_robin,
          uniq_natasha
D:4:      nicolae_cairo_tiling_large, layout_basic,
          minmay_temple_entry_statues_fountains, serial_forest,
          infiniplex_forest_end_3, infiniplex_forest_end_1,
          infiniplex_forest_lined_room_3, infiniplex_forest_clump_curved,
          infiniplex_forest_straight_1, infiniplex_forest_lined_room_2,
          minmay_pentomino_pile
D:5:      kennysheep_big_flooded_room, layout_rooms, minmay_bent
D:6:      layout_loops_ring, kennysheep_slug_shrine,
          mainiacjoe_overflow_24_doors, mainiacjoe_overflow_catwalk_spiral,
          nicolae_ossuary_entry_false_entrances, moated_statue,
          eino_small_chamber_without_monster, minmay_hollow_rounded_squares,
          uniq_sigmund
D:7:      layout_loops_ring, mainiacjoe_overflow_brackets, enter_bailey_2,
          uniq_duvessa
D:8:      layout_basic, zin_statuary
D:9:      layout_long_grid, pf_just_have_faith, overflow_temple_1_default,
          mainiacjoe_overflow_tiny_flanked, david_lair_generic,
          guppyfry_early_elven_hall
D:10:     layout_basic, hiddenorc1_lemuel, lightli_minifort
D:11:     layout_basic, portal_ice_cave_entry_animals_and_master, serial_shops,
          nicolae_square_shop, nicolae_wwwww, palyth_stone_intersect
D:12:     layout_rooms, special_room [special_room_orc], uniq_kirke
D:13:     layout_cave_pools
D:14:     layout_loops_ring, david_vaults_5, chequers_serial_rivers_micro_e,
          elyvilon_altar_3
D:15:     hangedman_depths_entry_try_elsewhere_first, layout_loops_cross
Lair:1:   layout_chaotic_city, minmay_lair_oklob_bushes
Lair:2:   hellmonk_ruined_rings, layout_long_grid, lemuel_fruit_tree
Lair:3:   layout_chaotic_city, nicolae_swamp_entry_spooky
Lair:4:   layout_misc_corridors, grunt_megastairs_1, uniq_nessos
Lair:5:   wormcave, layout_gridlike, slime_entry_1, grunt_megastairs_5
Swamp:1:  layout_basic_swamp, evilmike_swamp_ruin_rubble_2, uniq_nikola
Swamp:2:  layout_falls_marsh, serial_swamp_ruin, evilmike_swamp_ruin_house_4,
          evilmike_swamp_ruin_house_6, hangedman_swamp_ruin_wall, swamp_pool2,
          uniq_aizul
Swamp:3:  layout_basic_swamp, evilmike_swamp_ruin_house_3
Swamp:4:  swamp_icy, layout_basic_swamp
Snake:1:  layout_onion, basic_altar, nicolae_snake_linked_coils,
          nicolae_snake_gridmaze_swirls
Snake:2:  gammafunk_the_bubble [the_bubble_gammafunk_grid], layout_onion,
          nicolae_snake_single_loop, beargit_elvish_explorers
Snake:3:  layout_grid_maze, serial_shops, nicolae_shop_statue_plus,
          st_stairs_13, nicolae_snake_gridmaze_tees,
          nicolae_snake_gridmaze_spiral
Snake:4:  hellmonk_snake_rune_quicksilver_temple, layout_basic, uniq_vashnia
Orc:1:    minmay_goldmine, layout_caves
Orc:2:    st_orc_rangers, layout_caves, gammafunk_ghost_abyssal_escape,
          uniq_urug

Skill      XL: |  1  2  3  4  5  6  7  8  9 10 11 12 13 14 15 16 17 18 |
---------------+-------------------------------------------------------+-----
Axes           | 4 5 6 7 8 10 11 13 14 16 18 19 20 22 23 | 23.6
Fighting       | 4 5 6 7 8 9 10 12 13 14 15 16 17 | 17.2
Ranged Weapons | 3 4 5 7 9 10 12 14 16 17 18 | 18.0
Armour         | 4 6 7 8 10 12 14 16 17 | 17.2
Evocations     | 4 6 7 8 |  8.0
Dodging        | |  2.1

Action                     |  1- 3 |  4- 6 |  7- 9 | 10-12 | 13-15 | 16-18 || total
---------------------------+-------+-------+-------+-------+-------+-------++-------
  Melee: Hand axe          |    69 |    63 |    45 |    38 |       |       ||   215
         Headbutt          |    17 |     7 |    41 |    81 |   136 |   108 ||   390
         Halberd           |       |       |   114 |       |       |       ||   114
         War axe           |       |       |    98 |       |       |       ||    98
         Punch             |       |       |     1 |     4 |     1 |       ||     6
         Broad axe         |       |       |       |   230 |       |       ||   230
         Executioner's axe |       |       |       |   204 |   576 |   556 ||  1336
         Eveningstar       |       |       |       |       |    32 |     5 ||    37
   Fire: Sling             |       |     4 |       |       |       |       ||     4
         Orcbow            |       |       |    63 |   191 |       |       ||   254
         Shortbow          |       |       |     6 |       |       |       ||     6
         Arbalest          |       |       |       |    55 |   283 |   275 ||   613
  Throw: Javelin           |       |     2 |       |       |       |       ||     2
         Stone             |       |     2 |       |       |       |       ||     2
         Dart              |       |     2 |       |     4 |       |       ||     6
         Boomerang         |       |       |       |    11 |    15 |    25 ||    51
 Invoke: Trog's Hand       |     1 |     2 |     8 |    19 |    22 |    16 ||    68
         Berserk           |     1 |     2 |     8 |    17 |     9 |    11 ||    48
         Brothers in Arms  |       |       |       |       |       |     1 ||     1
  Evoke: Wand              |       |     1 |     3 |     7 |     2 |    10 ||    23
    Use: Scroll            |     2 |     1 |     8 |    11 |    13 |     7 ||    42
         Potion            |       |       |     1 |     3 |     5 |     6 ||    15
   Stab: Invisible         |       |       |       |     3 |     1 |     3 ||     7
 Armour: Animal skin       |     3 |       |       |       |       |       ||     3
         Chain mail        |     6 |       |       |       |       |       ||     6
         Plate armour      |    17 |    36 |    78 |       |       |       ||   131
         Crystal plate arm |       |       |   136 |   594 |   543 |   469 ||  1742
  Dodge: Dodged            |    36 |    23 |    73 |   202 |   167 |   141 ||   642
  Block: Other             |       |       |       |     6 |   149 |   108 ||   263
         Reflection        |       |       |       |     1 |    15 |     8 ||    24

Table legend: (Time is in decaauts)
 A = Elapsed time spent in this place.
 B = Non-inter-level travel time spent in this place.
 C = Inter-level travel time spent in this place.
 D = Time resting spent in this place.
 E = Time spent auto-exploring this place.
 F = Levels seen in this place.
 G = Mean time per level.
                   A        B        C        D        E       F      G
               +--------+--------+--------+--------+--------+-----+--------+
         Total |  46186 |  44585 |   1601 |  17430 |  19925 |  33 | 1399.6 |
       Dungeon |  16781 |  16139 |    642 |   4244 |   8734 |  15 | 1118.7 |
          Lair |   6485 |   6170 |    315 |   1475 |   3556 |   5 | 1297.0 |
         Swamp |   6562 |   6413 |    149 |   3523 |   2045 |   4 | 1640.5 |
     Snake Pit |  10909 |  10650 |    259 |   6234 |   3404 |   4 | 2727.2 |
  Orcish Mines |   4009 |   3775 |    234 |   1450 |   1652 |   2 | 2004.5 |
       Ossuary |    318 |    318 |      0 |     57 |    185 |   1 |  318.0 |
        Bailey |    704 |    704 |      0 |    444 |     54 |   1 |  704.0 |
      Ice Cave |    413 |    413 |      0 |      0 |    295 |   1 |  413.0 |
               +--------+--------+--------+--------+--------+-----+--------+

Top non-repeatable levels by time:
 Snake:4: 3448 daAuts
 Snake:3: 3410 daAuts
 Snake:2: 2251 daAuts
   Orc:2: 2245 daAuts
 Swamp:1: 2210 daAuts
     D:4: 1960 daAuts
 Swamp:4: 1941 daAuts
  Lair:3: 1922 daAuts
  Lair:5: 1803 daAuts
 Snake:1: 1799 daAuts
   Orc:1: 1764 daAuts
    D:14: 1707 daAuts
     D:8: 1588 daAuts
 Swamp:3: 1488 daAuts
     D:9: 1445 daAuts
